 Dungeon Crawl Stone Soup version 0.32-a0-909-gc671339a80 (webtiles) character file.

Game seed: 16361353143519794619

121276 dolemite99 the Drop of Water (level 15, -4/87 (117) HPs)
             Began as a Gnoll Earth Elementalist on Mar 31, 2024.
             Was the Champion of Ru.
             Killed from afar by a salamander tyrant (44 damage)
             ... with a flame surge
             ... on level 3 of the Snake Pit on Apr 6, 2024.
             The game lasted 01:02:05 (47770 turns).

dolemite99 the Drop of Water (GnEE)                Turns: 47770, Time: 01:02:05

HP:   -4/87 (117)   AC: 13    Str:  9    XL:     15   Next: 84%
MP:   15/30         EV: 18    Int: 23    God:    Ru [******]
Gold: 596           SH: 11    Dex: 13    Spells: 8/37 levels left

rFire   . . .        a - +6 dagger "Giant's Curse" {drain, Int+5}
rCold   + . .        r - +0 kite shield {reflect}
rNeg    . . .        w - +3 leather armour {Will+}
rPois   .            p - +2 helmet
rElec   +            (no cloak)
rCorr   +            R - +0 pair of gloves
SInv    .            q - +0 pair of boots of Vyskuumu {rElec rC+}
Will    ++...        C - amulet of regeneration
Stlth   ++++         s - +5 ring of evasion
HPRegen 1.14/turn    n - ring of resist corrosion
MPRegen 0.22/turn

%: reflection
@: weakened, extremely horrified, very heavily drained
A: fangs 1, dopey 1, hated by all, cowardly, unskilled 1, inexperienced 1,
strong nose, distributed training
a: Renounce Religion, Draw Out Power, Power Leap, Apocalypse


You were on level 3 of the Snake Pit.
You worshipped Ru.
Ru was exalted by your worship.
You visited 6 branches of the dungeon, and saw 27 of its levels.
You also visited: Ossuary.

You collected 1917 gold pieces.
You spent 1321 gold pieces at shops.

Inventory:

Hand Weapons
 a - the +6 dagger "Giant's Curse" (weapon) {drain, Int+5}
   (You found it on level 3 of the Dungeon)

   Int+5:     It affects your intelligence (+5).
 b - a +3 shortbow of flaming
 t - a +2 rapier of distortion
 x - a +1 morningstar of holy wrath
 D - a +0 trident of venom
 F - a +1 dagger of venom
 I - a +0 vampiric trident
 J - a +1 longbow of flaming
 N - a +5 morningstar
Missiles
 j - 37 boomerangs (quivered)
 o - 31 poisoned darts
 y - 6 javelins
 H - 4 datura-tipped darts
Armour
 p - a +2 helmet (worn)
 q - the +0 pair of boots of Vyskuumu (worn) {rElec rC+}
   (You acquired it on level 4 of the Lair of Beasts)

   rC+:       It protects you from cold.
   rElec:     It insulates you from electricity.
 r - a +0 kite shield of reflection (worn)
 v - +0 acid dragon scales
 w - a +3 leather armour of willpower (worn)
 L - a +2 ring mail of cold resistance
 R - a +0 pair of gloves (worn)
Magical Staves
 h - a staff of death
Jewellery
 k - an amulet of reflection
 n - a ring of resist corrosion (right hand)
 s - a +5 ring of evasion (left hand)
 C - an amulet of regeneration (around neck)
 O - a ring of willpower
Wands
 g - a wand of paralysis (7)
 Q - a wand of polymorph (1)
 W - a wand of digging (1)
Scrolls
 c - a scroll of silence
 f - 5 scrolls of fog
 l - 4 scrolls of poison
 u - 5 scrolls of vulnerability
 B - a scroll of noise
 E - 3 scrolls of revelation
 G - 3 scrolls of amnesia
 K - a scroll of immolation
 M - a scroll of enchant armour
 S - 9 scrolls of identify {@r1}
 T - 3 scrolls of blinking
 X - 2 scrolls of torment
Potions
 d - 2 potions of degeneration
 e - 7 potions of curing
 i - 2 potions of enlightenment
 m - 4 potions of heal wounds
 z - a potion of berserk rage {unknown}
 A - 2 potions of lignification
 P - a potion of resistance {unknown}
 U - 3 potions of might
 Y - a potion of cancellation


   Skills:
 + Level 10.6 Fighting
 + Level 10.6 Short Blades
 + Level 10.6 Long Blades
 + Level 10.6 Axes
 + Level 10.6 Maces & Flails
 + Level 10.6 Polearms
 + Level 10.6 Staves
 + Level 10.6 Ranged Weapons
 + Level 10.6 Throwing
 + Level 10.6 Armour
 + Level 11.4 Dodging
 + Level 11.3 Stealth
 + Level 10.6 Shields
 + Level 10.6 Unarmed Combat
 + Level 11.6 Spellcasting
 + Level 9.2 Conjurations
 + Level 9.0 Hexes
   Level 0.0 Summonings
 + Level 9.0 Necromancy
 + Level 9.0 Translocations
 + Level 9.0 Fire Magic
 + Level 9.0 Ice Magic
 + Level 9.0 Air Magic
 + Level 10.3 Earth Magic
 + Level 9.0 Alchemy
 + Level 11.6 Invocations
 + Level 10.6 Evocations
 + Level 9.8 Shapeshifting


You had 8 spell levels left.
You knew the following spells:

 Your Spells              Type           Power      Damage    Failure   Level
a - Frozen Ramparts       Ice            78%        1d12      1%          3
b - Stone Arrow           Conj/Erth      82%        3d12      1%          3
c - Sticky Flame          Fire/Alch      39%        2d8       4%          4
d - Vampiric Draining     Necr           39%        2d8       1%          3
e - Passwall              Erth           43%        N/A       1%          3
f - Blink                 Tloc           78%        N/A       1%          2
g - Lee's Rapid Deconstr  Erth           21%        3d12*     8%          5
h - Flame Wave            Conj/Fire      39%        2d11      4%          4
j - Sublimation of Blood  Necr           39%        N/A       1%          2

Your spell library contained the following spells:

 Spells                   Type           Power      Damage    Failure   Level
 Freeze                   Ice            100%       1d10      1%          1
 Necrotise                Necr           100%       1d9       1%          1
 Sandblast                Erth           86%        2d18      1%          1
 Lesser Beckoning         Tloc           78%        N/A       1%          2
 Momentum Strike          Conj/Tloc      78%        3d10      1%          2
 Hailstorm                Conj/Ice       39%        3d9       1%          3
 Inner Flame              Hex/Fire       39%        N/A       1%          3
 Volatile Blastmotes      Fire/Tloc      78%        2d16      1%          3
 Brom's Barrelling Bould  Conj/Erth      41%        2d6       3%          4
 Petrify                  Alch/Erth      41%        N/A       3%          4
 Airstrike                Air            19%        2d(3-19)  4%          4
 Fulminant Prism          Conj/Alch      19%        3d11      4%          4
 Ignite Poison            Fire/Alch      39%        N/A       4%          4
 Iskenderun's Mystic Bla Conj/Tloc 39%            2d9        (+2d4     4%          4
 Curse of Agony           Necr           39%        N/A       13%         5
 Yara's Violent Unravell  Hex/Alch       19%        3d9       13%         5
 Conjure Ball Lightning   Conj/Air       19%        3x3d6     56%         6
 Animate Armour           Summ/Erth      Unusable   N/A       N/A         4
 Martyr's Knell           Necr/Summ      Unusable   N/A       N/A         4
 Summon Lightning Spire   Summ/Air       Unusable   N/A       N/A         4

Dungeon Overview and Level Annotations

Branches:
Dungeon (15/15)            Temple (0/1) D:6            Lair (5/5) D:10
  Swamp (1/4) Lair:2        Snake (3/4) Lair:2        Slime (0/5) Lair:5
    Orc (2/2) D:12            Elf (1/3) Orc:2        Vaults (0/5) D:14
 Depths (0/4) D:15        Ossuary (visited)

Altars:
Dithmenos
Elyvilon
Gozag
Makhleb
Okawaru
Ru
Trog
Vehumet
Xom
Zin
Lugonu

Shops:
D:9 :*(*   D:10 [   D:12 **   Orc:2 =*[(

Portals:
Abyss: Lair:5

Annotations:
D:8 3 runed translucent doors, Elsrick's ghost, novice MiFi
D:10 2 transporters, Biggs's ghost, journeyman CoHu
Snake:3 Vashnia
Orc:1 1 runed translucent door


Innate Abilities, Weirdness & Mutations

You have very sharp teeth.
You are dopey. (Int -2)
You are hated by all.
Your cowardice makes you less effective in combat with threatening foes.
You are somewhat unskilled. (-1 Apt)
You are somewhat inexperienced. (-1 XL)
Your uncanny sense of smell can sniff out nearby items.
Your experience applies equally to all skills.


Message History

The salamander mystic is almost dead.
You reel with horror at the sight of these foes!
Okay, then.
Okay, then.
Throw: 38 boomerangs
Press: ? - help, Q - select action, (/) - cycle Shift-Dir - straight line, f/p - salamander mystic
Aim: a salamander mystic, wielding a +0 scimitar and wearing a +0 robe (almost dead, paralysed, 98% to hit)
You throw a boomerang.
The boomerang hits the salamander mystic and shatters for extra damage!
You kill the salamander mystic!
The salamander tyrant gazes fiercely through you!
You feel as though you will be weak longer.
Your Hexes skill increases to level 9!
Your Necromancy skill increases to level 9!
Your Translocations skill increases to level 9!
Your Fire Magic skill increases to level 9!
Your Ice Magic skill increases to level 9!
Your Air Magic skill increases to level 9!
Your Alchemy skill increases to level 9!
Throw: 37 boomerangs
Press: ? - help, Q - select action, (/) - cycle Shift-Dir - straight line, f - salamander tyrant
Aim: a salamander tyrant (moderately wounded, 73% to hit)
You throw a boomerang.
The boomerang hits the salamander tyrant!
The salamander tyrant is heavily wounded.
Casting: Stone Arrow (safe; 1% risk of failure)
Confirm with . or Enter, or press ? or * to list all spells.
Aiming: Stone Arrow (safe; 1% risk of failure)
Press: ? - help, Shift-Dir - straight line, f/p - salamander tyrant
Aim: a salamander tyrant (heavily wounded, 85% to hit)
The stone arrow hits the salamander tyrant!
The salamander tyrant is severely wounded.
The salamander tyrant rends the earth beneath you!
The blast of magma engulfs you!!!
Ouch! That really hurt!
The salamander tyrant calls gouts of flame from the lava!
The flame surge hits you!!!
Ouch! That really hurt!
You die...
Ru respects your ultimate sacrifice.

##### ##)..# ###
#....#### ####.#
###.#.....# ##....#
#...#.))).###.≈≈≈.#
...####.###.....≈.#
####......<..NN.@.#
##....#...>....##
#....#≈≈≈N.....#
#..###≈)....####
##.# #.N###.# #.#
##.# ### ### ..#
#... #..#


You could see a salamander tyrant and 3 salamanders.

Vanquished Creatures
  A tengu reaver (D:15)
  A nagaraja (Snake:2)
  2 orc warlords
  2 rakshasas (D:15)
  Josephine (D:13)
  8 vault guards (D:14)
  2 salamander tyrants
  Erolcha (D:13)
  3 hydras
  3 centaur warriors
  A catoblepas (Lair:5)
  7 anacondas
  A ghost crab (Lair:2)
  A two-headed ogre (D:9)
  2 tengu warriors (D:14)
  3 boulder beetles
  3 thrashing horrors (Lair:5)
  A deep troll earth mage (D:15)
  An occultist (D:15)
  5 naga sharpshooters
  5 naga warriors
  2 shock serpents (Snake:1)
  5 orc high priests (Orc:2)
  A skyshark (Lair:1)
  3 salamander mystics (Snake:3)
  5 mana vipers
  A flayed ghost (D:9)
  An arcanist (D:13)
  4 orc knights (Orc:2)
  A necromancer (D:15)
  A deep elf zephyrmancer (D:15)
  2 deep elf pyromancers
  An oklob plant (Lair:3)
  11 ugly things
  14 salamanders
  A manticore (D:15)
  5 orc sorcerers
  2 cyclopes
  2 large abominations (Lair:5)
  4 kobold blastminers
  4 smoke demons (Lair:5)
  15 elephants
  2 naga magi
  A guardian serpent (Snake:1)
  A gargoyle (D:11)
  A torpor snail (Lair:1)
  14 black mambas
  2 rime drakes (Lair:5)
  A yaktaur (D:15)
  3 unseen horrors
  7 cane toads
  A centaur skeleton (D:15)
  12 komodo dragons
  A tengu conjurer (D:15)
  A freezing wraith (D:14)
  2 ice devils (D:11)
  4 trolls
  2 hornets
  30 blink frogs
  3 raiju (Lair:5)
  Prince Ribbit (D:8)
  A centaur simulacrum (D:15)
  10 slime creatures
  11 wraiths
  A spriggan (Lair:5)
  3 wyverns
  51 yaks
  5 basilisks
  2 fire bats (D:9)
  7 wargs
  18 vampire mosquitoes
  A spectral cane toad (Lair:2)
  A chaos spawn (Lair:5)
  11 nagas
  Duvessa (D:7)
  Pargi (D:3)
  3 acid dragons
  A sky beast (D:7)
  18 water moccasins
  2 ice beasts
  41 orc warriors
  2 black bears (D:10)
  7 wolves
  A boggart (shapeshifter) (Lair:5)
  11 centaurs
  6 ogres
  A phantom (D:6)
  A spectral basilisk (Lair:2)
  14 bullfrogs
  4 scorpions
  3 gnoll sergeants
  12 small abominations (Lair:5)
  4 wights (D:9)
  Dowan (D:7)
  8 killer bees
  10 howler monkeys
  4 electric eels
  4 lava snakes (Lair:2)
  2 hounds (D:4)
  4 mummies (Ossuary)
  7 jellies
  2 bombardier beetles
  2 gnoll boudas
  30 orc priests
  6 iguanas
  2 sleepcaps
  36 orc wizards
  Ijyb (D:3)
  A killer bee zombie (Ossuary)
  A hound zombie (Ossuary)
  27 gnolls
  6 adders
  3 shadow imps
  2 white imps
  2 ufetubi (D:6)
  3 dart slugs
  2 ribbon worms
  98 orcs
  10 endoplasms
  3 giant cockroaches
  9 goblins
  8 hobgoblins
  6 jackals
  5 kobolds
  4 quokkas
  4 ball pythons
  12 bats
  A frilled lizard (D:3)
  3 rats
  A butterfly (Lair:1)
813 creatures vanquished.

Vanquished Creatures (others)
  A centaur warrior (D:14)
  A sun moth (Orc:2)
  An orc knight (D:15)
  An obsidian bat (Orc:1)
  A manticore (D:12)
  A centaur skeleton (D:15)
  A cane toad (Lair:3)
  A wraith (D:9)
  A basilisk (Lair:5)
  A wight (D:9)
  4 orcs
14 creatures vanquished.

Grand Total: 827 creatures vanquished

Notes
Turn   | Place    | Note
-------+----------+-------------------------------------------
     0 | D:1      | dolemite99 the Gnoll Earth Elementalist began the quest for
                  | the Orb.
     0 | D:1      | Reached XP level 1. HP: 13/13 MP: 6/6
   248 | D:1      | Reached XP level 2. HP: 19/19 MP: 4/7
   718 | D:1      | Reached skill level 5 in Spellcasting
   718 | D:1      | Reached XP level 3. HP: 25/25 MP: 6/9
   911 | D:2      | Reached skill level 1 in Invocations
   959 | D:2      | Learned a level 3 spell: Stone Arrow
   998 | D:2      | Found a faded altar of an unknown god.
  1010 | D:2      | Prayed at the altar of an unknown god.
  1010 | D:2      | Became a worshipper of Ru the Awakened
  1017 | D:2      | Gained mutation: You are hated by all. [Ru sacrifice]
  1017 | D:2      | Reached * piety under Ru
  1017 | D:2      | Reached ** piety under Ru
  1064 | D:2      | Reached skill level 1 in Fighting
  1064 | D:2      | Reached skill level 1 in Short Blades
  1064 | D:2      | Reached skill level 1 in Long Blades
  1064 | D:2      | Reached skill level 1 in Axes
  1064 | D:2      | Reached skill level 1 in Maces & Flails
  1064 | D:2      | Reached skill level 1 in Polearms
  1064 | D:2      | Reached skill level 1 in Staves
  1064 | D:2      | Reached skill level 1 in Ranged Weapons
  1064 | D:2      | Reached skill level 1 in Throwing
  1064 | D:2      | Reached skill level 1 in Armour
  1064 | D:2      | Reached skill level 1 in Shields
  1064 | D:2      | Reached skill level 1 in Unarmed Combat
  1064 | D:2      | Reached skill level 1 in Evocations
  1171 | D:2      | Reached skill level 1 in Shapeshifting
  1171 | D:2      | Reached XP level 4. HP: 28/32 MP: 9/11
  1182 | D:2      | Reached skill level 1 in Hexes
  1182 | D:2      | Reached skill level 1 in Necromancy
  1182 | D:2      | Reached skill level 1 in Translocations
  1182 | D:2      | Reached skill level 1 in Fire Magic
  1182 | D:2      | Reached skill level 1 in Ice Magic
  1182 | D:2      | Reached skill level 1 in Air Magic
  1182 | D:2      | Reached skill level 1 in Alchemy
  1934 | D:3      | Reached XP level 5. HP: 26/37 MP: 8/12
  2295 | D:3      | Identified the +6 dagger "Giant's Curse" {drain, Int+5}
  2630 | D:3      | Reached XP level 6. HP: 44/44 MP: 10/13
  2742 | D:3      | Reached skill level 5 in Dodging
  2876 | D:3      | Noticed Ijyb
  2881 | D:3      | Paralysed by Ijyb for 2 turns
  2884 | D:3      | Paralysed by Ijyb for 4 turns
  2888 | D:3      | Killed Ijyb
  3178 | D:3      | Noticed Pargi
  3186 | D:3      | Killed Pargi
  3226 | D:3      | Learned a level 2 spell: Blink
  3556 | D:4      | Found an opulent altar of Gozag.
  3639 | D:4      | Reached XP level 7. HP: 51/51 MP: 12/15
  3993 | D:4      | Gained mutation: You are somewhat unskilled. (-1 Apt) [Ru
                  | sacrifice]
  3993 | D:4      | Reduced skill Hexes to level 1
  3993 | D:4      | Reduced skill Necromancy to level 1
  3993 | D:4      | Reduced skill Translocations to level 1
  3993 | D:4      | Reduced skill Fire Magic to level 1
  3993 | D:4      | Reduced skill Ice Magic to level 1
  3993 | D:4      | Reduced skill Air Magic to level 1
  3993 | D:4      | Reduced skill Alchemy to level 1
  3993 | D:4      | Reached *** piety under Ru
  4086 | D:4      | Found a burning altar of Makhleb.
  4796 | D:5      | Entered Level 5 of the Dungeon
  4990 | D:5      | Reached skill level 5 in Dodging
  5025 | D:5      | Reached XP level 8. HP: 13/57 MP: 11/16
  5256 | D:5      | Found a sand-covered staircase.
  5265 | Ossuary  | Entered an ossuary
  5802 | D:5      | Reached skill level 5 in Stealth
  5979 | D:5      | Found a radiant altar of Vehumet.
  6484 | D:6      | Reached XP level 9. HP: 64/64 MP: 15/17
  6577 | D:6      | Found a staircase to the Ecumenical Temple.
  7117 | D:7      | Noticed a hornet
  7119 | D:7      | Noticed Dowan
  7121 | D:7      | Noticed Duvessa
  7121 | D:7      | Paralysed by a hornet for 1 turns
  7122 | D:7      | Killed a hornet
  7135 | D:7      | Killed Duvessa
  7136 | D:7      | Killed Dowan
  7145 | D:7      | Gained mutation: You are somewhat inexperienced. (-1 XL)
                  | [Ru sacrifice]
  7145 | D:7      | Reached XP level 8. HP: 48/60 MP: 10/17
  7145 | D:7      | Reached **** piety under Ru
  8201 | D:8      | Noticed a hornet
  8204 | D:8      | Killed a hornet
  8473 | D:8      | Noticed Prince Ribbit
  8493 | D:8      | Killed Prince Ribbit
  8524 | D:8      | Learned a level 3 spell: Hailstorm
  8694 | D:8      | Found a runed translucent gate.
  8694 | D:8      | Found a runed translucent gate.
  8694 | D:8      | Found a runed translucent gate.
  8697 | D:8      | Noticed Elsrick's ghost (novice MiFi)
  8698 | D:8      | Noticed a nine-headed hydra
  8738 | D:8      | Reached skill level 5 in Invocations
  8738 | D:8      | Reached XP level 9. HP: 66/66 MP: 16/18
  8898 | D:8      | Found a glowing silver altar of Zin.
  9108 | D:9      | Found Cesenuuf's Weapon Shop.
  9117 | D:9      | Bought 6 poisoned darts for 43 gold pieces
  9184 | D:9      | Noticed a two-headed ogre
  9315 | D:9      | Killed a two-headed ogre
  9316 | D:9      | Reached skill level 5 in Fighting
  9316 | D:9      | Reached skill level 5 in Short Blades
  9316 | D:9      | Reached skill level 5 in Long Blades
  9316 | D:9      | Reached skill level 5 in Axes
  9316 | D:9      | Reached skill level 5 in Maces & Flails
  9316 | D:9      | Reached skill level 5 in Polearms
  9316 | D:9      | Reached skill level 5 in Staves
  9316 | D:9      | Reached skill level 5 in Ranged Weapons
  9316 | D:9      | Reached skill level 5 in Throwing
  9316 | D:9      | Reached skill level 5 in Armour
  9316 | D:9      | Reached skill level 5 in Shields
  9316 | D:9      | Reached skill level 5 in Unarmed Combat
  9316 | D:9      | Reached skill level 5 in Evocations
  9621 | D:9      | Found Hovav's Book Shop.
 10139 | D:9      | Found Peper's General Store.
 10142 | D:9      | Bought a wand of paralysis (5) for 156 gold pieces
 10307 | D:9      | Found Kiecsucsoa's Serpentskin Sales.
 10335 | D:9      | Bought 2 poisoned darts for 16 gold pieces
 10335 | D:9      | Bought a scroll of poison for 56 gold pieces
 10335 | D:9      | Bought a scroll of poison for 56 gold pieces
 10514 | D:9      | Found a white marble altar of Elyvilon.
 10608 | D:9      | Found a runed translucent door.
 10865 | D:9      | Found a glowing silver altar of Zin.
 10866 | D:9      | Found a shimmering altar of Xom.
 10888 | D:9      | Found a glowing silver altar of Zin.
 10912 | D:9      | Found a shadowy altar of Dithmenos.
 10976 | D:9      | Gained mutation: You are dopey. (Int -2) [Ru sacrifice]
 10976 | D:9      | Reached ***** piety under Ru
 11014 | D:9      | Reached skill level 5 in Conjurations
 11014 | D:9      | Reached skill level 5 in Shapeshifting
 11019 | D:9      | Reached XP level 10. HP: 52/74 MP: 4/20
 11374 | D:9      | You fall into a shaft and drop 2 floors!
 11464 | D:11     | Learned a level 3 spell: Vampiric Draining
 11487 | D:10     | Entered Level 10 of the Dungeon
 11555 | D:10     | Found Maexegragu's Armour Shoppe.
 11695 | D:10     | Found a shimmering altar of Xom.
 12121 | D:10     | Identified the +0 leather armour of the Bard {Will+ Dex+3
                  | SInv Stlth+}
 12121 | D:10     | Noticed a tengu warrior
 12123 | D:10     | Noticed Biggs's ghost (journeyman CoHu)
 12125 | D:10     | Found a bloodstained altar of Trog.
 12134 | D:10     | Noticed a moth of wrath
 12147 | D:10     | Found a staircase to the Lair.
 12171 | D:10     | Found a transporter.
 12176 | D:10     | Found a transporter.
 12618 | D:10     | Noticed a purple ugly thing
 13558 | D:11     | Reached skill level 5 in Hexes
 13558 | D:11     | Reached skill level 5 in Necromancy
 13558 | D:11     | Reached skill level 5 in Translocations
 13558 | D:11     | Reached skill level 5 in Fire Magic
 13558 | D:11     | Reached skill level 5 in Ice Magic
 13558 | D:11     | Reached skill level 5 in Air Magic
 13558 | D:11     | Reached skill level 5 in Alchemy
 14036 | Lair:1   | Entered Level 1 of the Lair of Beasts
 14377 | Lair:1   | Gained mutation: Your cowardice makes you less effective in
                  | combat with threatening foes. [Ru sacrifice]
 14377 | Lair:1   | Reached ****** piety under Ru
 14432 | Lair:1   | Reached XP level 11. HP: 65/80 MP: 12/23
 14448 | Lair:1   | Noticed a seven-headed hydra
 14464 | Lair:1   | Killed a seven-headed hydra
 14766 | Lair:1   | Learned a level 3 spell: Frozen Ramparts
 15323 | Lair:1   | Noticed a skyshark
 15330 | Lair:1   | Killed a skyshark
 16886 | Lair:2   | Found a staircase to the Snake Pit.
 17698 | Lair:2   | Found a staircase to the Swamp.
 17698 | Lair:2   | Noticed a ghost crab
 17708 | Lair:2   | Killed a ghost crab
 18600 | Lair:3   | Noticed a boulder beetle
 18617 | Lair:3   | Killed a boulder beetle
 18618 | Lair:3   | Reached XP level 12. HP: 89/91 MP: 19/24
 20679 | Lair:5   | Entered Level 5 of the Lair of Beasts
 20732 | Lair:5   | Found a staircase to the Slime Pits.
 20752 | Lair:4   | Learned a level 4 spell: Brom's Barrelling Boulder
 20752 | Lair:4   | Identified a scroll of acquirement
 20752 | Lair:4   | Acquired the +0 pair of boots of Vyskuumu {rElec rC+}
 20983 | Lair:5   | HP: 3/93 [burnt (8)]
 21334 | Lair:5   | Reached XP level 13. HP: 63/98 MP: 15/26
 24040 | Lair:5   | Found a corrupted altar of Lugonu.
 24040 | Lair:5   | Found a one-way gate to the infinite horrors of the Abyss.
 24263 | D:9      | Bought a book of Flames for 448 gold pieces
 24270 | D:9      | Learned a level 4 spell: Flame Wave
 24275 | D:9      | Learned a level 4 spell: Sticky Flame
 24282 | D:9      | Learned a level 3 spell: Passwall
 24729 | D:9      | Got Cigotuvi's Codex of Takwin and the Catacomb
 24733 | D:9      | Learned a level 2 spell: Sublimation of Blood
 24884 | D:10     | Reached skill level 10 in Spellcasting
 25730 | D:12     | Found a staircase to the Orcish Mines.
 25841 | D:12     | Found Zis Zir's Pet Rocks.
 25947 | D:12     | Found Kosaopp's General Store.
 25952 | D:12     | Bought a scroll of identify for 36 gold pieces
 26055 | D:12     | Reached skill level 10 in Dodging
 26753 | Orc:1    | Entered Level 1 of the Orcish Mines
 26777 | Orc:1    | Noticed an orc warlord
 26787 | Orc:1    | Killed an orc warlord
 26822 | Orc:1    | Reached skill level 10 in Invocations
 27131 | Orc:1    | Reached skill level 10 in Stealth
 27725 | Orc:1    | Found a runed translucent door.
 27728 | Orc:1    | Noticed a balrug
 28212 | Orc:2    | Entered Level 2 of the Orcish Mines
 28435 | Orc:2    | Noticed Nessos
 28894 | Orc:2    | Nessos changed into Nessos the sun moth
 28894 | Orc:2    | Noticed Nessos
 28900 | Orc:2    | Killed Nessos the sun moth
 28901 | Orc:2    | Reached XP level 14. HP: 45/91 MP: 10/28
 29809 | Orc:2    | Found a staircase to the Elven Halls.
 29923 | Orc:2    | Noticed an orc warlord
 31699 | Orc:2    | Killed an orc warlord
 32466 | Orc:2    | Found Faukk's General Store.
 32467 | Orc:2    | Found Ezuehurph's Jewellery Shoppe.
 32469 | Orc:2    | Found Joirhaom's Antique Armour Emporium.
 32469 | Orc:2    | Found Xiodghasu's Antique Weapon Emporium.
 32486 | Orc:2    | Bought an amulet of reflection for 510 gold pieces
 32978 | D:13     | Noticed Josephine
 32982 | D:13     | Killed Josephine
 33354 | D:13     | Noticed Erolcha
 33362 | D:13     | Killed Erolcha
 35145 | D:14     | Identified the +2 long sword of the Wasp {freeze, Stlth+}
 35491 | D:14     | Got the Omnibus of the Rebis and Haze
 36039 | D:14     | Identified the orb of Caustic Surprise {*channel, Str+2
                  | Fire}
 36065 | D:14     | Found a gate to the Vaults.
 36323 | D:15     | Entered Level 15 of the Dungeon
 36696 | D:15     | Noticed a tengu reaver
 37101 | D:15     | Reached skill level 10 in Fighting
 37101 | D:15     | Reached skill level 10 in Short Blades
 37101 | D:15     | Reached skill level 10 in Long Blades
 37101 | D:15     | Reached skill level 10 in Axes
 37101 | D:15     | Reached skill level 10 in Maces & Flails
 37101 | D:15     | Reached skill level 10 in Polearms
 37101 | D:15     | Reached skill level 10 in Staves
 37101 | D:15     | Reached skill level 10 in Ranged Weapons
 37101 | D:15     | Reached skill level 10 in Throwing
 37101 | D:15     | Reached skill level 10 in Armour
 37101 | D:15     | Reached skill level 10 in Shields
 37101 | D:15     | Reached skill level 10 in Unarmed Combat
 37101 | D:15     | Reached skill level 10 in Evocations
 37580 | D:15     | Found a staircase to the Depths.
 37594 | D:15     | Reached XP level 15. HP: 111/115 MP: 8/30
 38315 | D:15     | Found an iron altar of Okawaru.
 38728 | D:15     | Upgraded the game from 0.32-a0-876-gcfddb08e57 to
                  | 0.32-a0-909-gc671339a80
 38735 | D:15     | Learned a level 5 spell: Lee's Rapid Deconstruction
 38750 | D:15     | Killed a tengu reaver
 40256 | Elf:1    | Entered Level 1 of the Elven Halls
 40453 | Swamp:1  | Entered Level 1 of the Swamp
 40536 | Snake:1  | Entered Level 1 of the Snake Pit
 40745 | Snake:1  | Reached skill level 10 in Earth Magic
 44148 | Snake:2  | Noticed a nagaraja
 44163 | Snake:2  | Killed a nagaraja
 46641 | Snake:3  | Noticed Vashnia
 47770 | Snake:3  | Killed from afar by a salamander tyrant

Illustrated notes

Levels and vault maps discovered:
D:1:      noname_arrival_rooms_in_the_neighbourhood, layout_rooms
D:2:      cheibrodos_old_hovel, layout_basic,
          shapermc_ecumenical_altar_mp_urbaneastern, kennysheep_nondescript,
          kennysheep_generic_room_15
D:3:      layout_loops_corners, uniq_ijyb, uniq_pargi
D:4:      layout_rooms, makhleb_blood_cavern_becter,
          nicolae_gozag_cash_rules_everything_around_me, minmay_puff
D:5:      layout_rooms, mainiacjoe_overflow_small_starburst,
          nicolae_ossuary_entry_ruins
D:6:      layout_basic, minmay_temple_entry_overgrown
D:7:      layout_cave_pods, uniq_duvessa
D:8:      layout_cave_pools, lemuel_crystal_altar, mainiacjoe_overflow_chevrons,
          gammafunk_ghost_hydra_chop, water_boxes_lemuel, uniq_prince_ribbit1
D:9:      due_megacathedral, layout_basic, serial_co_window_serial,
          co_window_corner_a, co_window_paths_a, co_window_paths_b,
          co_window_paths_a, co_window_paths_a, co_window_paths_c,
          co_window_corner_cb, co_window_2corner, co_window_corner_b,
          co_window_broadway_b, co_window_broadway_b, co_window_paths_d,
          glass_columns_a, glass_columns_a, serial_shops,
          nicolae_shop_tiny_real_fake_doors, nicolae_shop_advertising_works
          [nicolae_subvault_shop_adworks], shop, guppyfry_shop_venom
D:10:     layout_basic, mainiacjoe_overflow_boulevard, david_lair_generic,
          gammafunk_ghost_wrathful_warriors, serial_shops,
          nicolae_shop_peninsula, ebering_dispersal_statue_hall
D:11:     layout_loops_ring, portal_ice_cave_demonic_guard
D:12:     layout_small_grid, david_orc_5, minmay_shop_grid_forest,
          guppyfry_shop_earth
D:13:     layout_basic, uniq_erolcha, uniq_josephine
D:14:     layout_cave_pools, erik_vaults_2
D:15:     grunt_enter_depths_magical_seal, layout_cave_pods,
          serial_column_ruins, column_ruins_hut_ruined, column_ruins_open_tiny,
          column_ruins_grid_2, column_ruins_open_large, column_ruins_open_small,
          column_ruins_open_tiny, column_ruins_grid_4, column_ruins_open_large,
          okawaru_ov_weapons_minmay, wad_dig_loot
Lair:1:   layout_layer_cave, st_stairs_6, lemuel_fruit_fields,
          infiniplex_staircase_pool, lemuel_fruit_tree
Lair:2:   layout_loops_ring, nicolae_swamp_entry_spooky,
          nicolae_snake_entry_warm_welcome, gauntlet_entry_generic, minivault_19
Lair:3:   layout_misc_corridors, amcnicky_mini_pool_medium
Lair:4:   layout_hall_layers
Lair:5:   hellmonk_lair_end_abyssal_woods, layout_big_grid,
          nicolae_slime_entry_slimehenge, enter_volcano_2, lemuel_fruit_fields,
          serial_bayou_shore_a
Swamp:1:  layout_basic_swamp, hangedman_swamp_ruin_wall
Snake:1:  layout_misc_corridors
Snake:2:  layout_misc_corridors, grunt_megastairs_5
Snake:3:  layout_honeycomb, grunt_megastairs_4, minmay_shoptagon, uniq_vashnia,
          uniq_aizul
Orc:1:    dreamdust_dug_too_deep, layout_caves, mines2_lemuel
Orc:2:    st_orc_congregation, layout_diamond_mine, minmay_orc_temple_a,
          uniq_nessos
Elf:1:    minmay_elf_arrival_plus, layout_geoelf_diagonals,
          minmay_elf_annihilation

Skill      XL: |  1  2  3  4  5  6  7  8  9 10 11 12 13 14 15 |
---------------+----------------------------------------------+-----
Conjurations   | 2 3 4 5 6 7 8 9 |  9.2
Spellcasting   | 5 7 8 9 10 11 | 11.6
Invocations    | 1 2 3 5 6 7 8 9 10 11 | 11.6
Fighting       | 1 2 3 5 6 7 8 9 10 | 10.6
Short Blades   | 1 2 3 5 6 7 8 9 10 | 10.6
Long Blades    | 1 2 3 5 6 7 8 9 10 | 10.6
Axes           | 1 2 3 5 6 7 8 9 10 | 10.6
Maces & Flails | 1 2 3 5 6 7 8 9 10 | 10.6
Polearms       | 1 2 3 5 6 7 8 9 10 | 10.6
Staves         | 1 2 3 5 6 7 8 9 10 | 10.6
Ranged Weapons | 1 2 3 5 6 7 8 9 10 | 10.6
Throwing       | 1 2 3 5 6 7 8 9 10 | 10.6
Armour         | 1 2 3 5 6 7 8 9 10 | 10.6
Shields        | 1 2 3 5 6 7 8 9 10 | 10.6
Unarmed Combat | 1 2 3 5 6 7 8 9 10 | 10.6
Evocations     | 1 2 3 5 6 7 8 9 10 | 10.6
Shapeshifting  | 1 2 4 5 6 7 8 9 |  9.8
Hexes          | 1 2 4 5 6 7 8 9 |  9.0
Necromancy     | 1 2 4 5 6 7 8 9 |  9.0
Translocations | 1 2 4 5 6 7 8 9 |  9.0
Fire Magic     | 1 2 4 5 6 7 8 9 |  9.0
Ice Magic      | 1 2 4 5 6 7 8 9 |  9.0
Air Magic      | 1 2 4 5 6 7 8 9 |  9.0
Alchemy        | 1 2 4 5 6 7 8 9 |  9.0
Dodging        | 5 5 6 7 8 9 10 11 | 11.4
Stealth        | 6 7 8 9 10 11 | 11.3
Earth Magic    | 6 7 8 9 10 | 10.3

Action                     |  1- 3 |  4- 6 |  7- 9 | 10-12 | 13-15 || total
---------------------------+-------+-------+-------+-------+-------++-------
  Melee: Mace              |     3 |       |       |       |       ||     3
         Bite              |     1 |       |       |    15 |    36 ||    52
         Short sword       |       |     1 |       |       |       ||     1
         Dagger            |       |    12 |    18 |   106 |   284 ||   420
   Fire: Shortbow          |       |       |       |       |    49 ||    49
  Throw: Boomerang         |       |       |     3 |    15 |    73 ||    91
         Dart              |       |       |       |     6 |     9 ||    15
         Throwing net      |       |       |       |       |     4 ||     4
         Javelin           |       |       |       |       |     4 ||     4
   Cast: Sandblast         |    30 |    65 |   225 |    51 |       ||   371
         Stone Arrow       |       |     2 |    91 |   300 |   428 ||   821
         Blink             |       |       |     1 |       |     3 ||     4
         Hailstorm         |       |       |       |    19 |     1 ||    20
         Frozen Ramparts   |       |       |       |    26 |    62 ||    88
         Sticky Flame      |       |       |       |       |    94 ||    94
         Flame Wave        |       |       |       |       |    13 ||    13
         Brom's Barrelling |       |       |       |       |     5 ||     5
         Passwall          |       |       |       |       |     1 ||     1
         Sublimation of Bl |       |       |       |       |    19 ||    19
         Lee's Rapid Decon |       |       |       |       |     9 ||     9
 Invoke: Sacrifice Love    |     1 |       |       |       |       ||     1
         Sacrifice Skill   |       |       |     1 |       |       ||     1
         Sacrifice Experie |       |       |     1 |       |       ||     1
         Draw Out Power    |       |       |     1 |     1 |       ||     2
         Sacrifice Purity  |       |       |     1 |       |       ||     1
         Apocalypse        |       |       |       |     6 |    17 ||    23
         Sacrifice Courage |       |       |       |     1 |       ||     1
         Power Leap        |       |       |       |     1 |     2 ||     3
  Evoke: Wand              |       |       |     3 |    35 |    28 ||    66
    Use: Potion            |       |     1 |     1 |     5 |    10 ||    17
         Scroll            |       |       |    13 |     8 |    20 ||    41
   Stab: Distracted        |       |       |     1 |       |     4 ||     5
         Paralysed         |       |       |       |     8 |    13 ||    21
         Invisible         |       |       |       |     1 |     1 ||     2
 Armour: Robe              |     7 |    39 |       |       |       ||    46
         Leather armour    |       |     6 |   116 |   176 |   357 ||   655
  Dodge: Dodged            |     9 |    19 |   175 |   273 |   395 ||   871
  Block: Kite shield       |       |       |       |       |   235 ||   235
         Reflection        |       |       |       |       |    27 ||    27

Table legend: (Time is in decaauts)
 A = Elapsed time spent in this place.
 B = Non-inter-level travel time spent in this place.
 C = Inter-level travel time spent in this place.
 D = Time resting spent in this place.
 E = Time spent auto-exploring this place.
 F = Levels seen in this place.
 G = Mean time per level.
                   A        B        C        D        E       F      G
               +--------+--------+--------+--------+--------+-----+--------+
         Total |  47818 |  45542 |   2276 |  23785 |  15183 |  28 | 1707.8 |
       Dungeon |  23757 |  22295 |   1462 |   9730 |   9192 |  15 | 1583.8 |
          Lair |  10317 |   9862 |    455 |   4487 |   3644 |   5 | 2063.4 |
         Swamp |      1 |      1 |      0 |      0 |      0 |   1 |    1.0 |
     Snake Pit |   7195 |   7117 |     78 |   5446 |   1112 |   3 | 2398.3 |
  Orcish Mines |   6388 |   6110 |    278 |   4001 |   1234 |   2 | 3194.0 |
   Elven Halls |      1 |      1 |      0 |      0 |      0 |   1 |    1.0 |
       Ossuary |    156 |    156 |      0 |    119 |      1 |   1 |  156.0 |
               +--------+--------+--------+--------+--------+-----+--------+

Top non-repeatable levels by time:
   Orc:2: 4193 daAuts
 Snake:1: 3819 daAuts
  Lair:5: 3432 daAuts
     D:9: 2904 daAuts
 Snake:2: 2855 daAuts
    D:11: 2642 daAuts
    D:15: 2631 daAuts
  Lair:2: 2547 daAuts
   Orc:1: 2194 daAuts
  Lair:1: 1894 daAuts
    D:13: 1749 daAuts
     D:3: 1659 daAuts
    D:12: 1637 daAuts
    D:10: 1577 daAuts
  Lair:3: 1432 daAuts
